 Dungeon Crawl Stone Soup version 0.26.0-10-g1f06aea511 (webtiles) character file.

Game seed: 1476397840334333715

119 xSliceyx the Shield-Bearer (level 5, -2/43 HPs)
             Began as a Formicid Fighter on Jan 13, 2021.
             Slain by Crazy Yiuf
             ... wielding a +4 quarterstaff of chaos
              (8 damage)
             ... on level 3 of the Dungeon.
             The game lasted 00:05:04 (1974 turns).

xSliceyx the Shield-Bearer (Formicid Fighter)       Turns: 1974, Time: 00:05:04

Health: -2/43      AC:  8    Str: 22    XL:     5   Next: 23%
Magic:  5/5        EV:  8    Int:  7    God:
Gold:   81         SH: 10    Dex: 10    Spells: 4/4 levels left

rFire    . . .     SeeInvis +   q - +0 long sword
rCold    . . .     Faith    .   c - +0 kite shield
rNeg     . . .     Spirit   .   b - +0 scale mail
rPois    .         Reflect  .   (helmet unavailable)
rElec    .         Harm     .   n - +0 cloak
rCorr    .         Rampage  .   (no gloves)
Will     .....                  (no boots)
Stlth    +.........             (no amulet)
HPRegen  0.14/turn              w - ring of stealth
MPRegen  0.09/turn              (no ring)

@: lethally poisoned (-2 -> -6)
A: permanent stasis, dig shafts and tunnels, four strong arms, antennae 3
a: Dig, Shaft Self


You were on level 3 of the Dungeon.
You visited 1 branch of the dungeon, and saw 3 of its levels.

You collected 81 gold pieces.

Inventory:

Hand Weapons
 e - a +1 dagger of holy wrath
 q - a +0 long sword (weapon)
Missiles
 i - 17 poisoned darts (quivered)
 s - 4 curare-tipped darts
Armour
 b - a +0 scale mail (worn)
 c - a +0 kite shield (worn)
 n - a +0 cloak (worn)
 v - a +0 chain mail
Jewellery
 w - a ring of stealth (left hand)
Scrolls
 g - 6 scrolls of identify {unknown}
 j - a scroll of remove curse {unknown}
 k - a scroll of random uselessness {unknown}
 p - a scroll of teleportation {unknown}
 r - 3 scrolls of fear {unknown}
 t - a scroll of enchant armour {unknown}
 u - a scroll of amnesia {unknown}
Potions
 a - 3 potions of curing {unknown}
 d - a potion of might
 f - a potion of attraction {unknown}
 h - 3 potions of magic {unknown}
 l - 3 potions of resistance {unknown}
 m - a potion of brilliance {unknown}
 o - 2 potions of lignification {unknown}
 x - a potion of degeneration {unknown}


   Skills:
 + Level 4.3 Fighting
 - Level 2.0 Long Blades
 + Level 4.4 Armour
 + Level 4.9 Shields


You had 4 spell levels left.
You didn't know any spells.
Your spell library was empty.

Dungeon Overview and Level Annotations

Branches:
Dungeon (3/15)

Altars:

Annotations:
D:3 Crazy Yiuf


Innate Abilities, Weirdness & Mutations

You cannot be hasted, slowed, berserked, paralysed or teleported.
You can dig through walls and to a lower floor.
Your four strong arms can wield two-handed weapons with a shield.
You have a pair of large antennae on your head. (SInv)


Message History

Crazy Yiuf is severely wounded.
Crazy Yiuf barely misses you.
Crazy Yiuf sings, "Trees, trees, trees, circus!"
Crazy Yiuf hits you with a +4 quarterstaff of chaos!
* * * LOW HITPOINT WARNING * * *
Crazy Yiuf freezes you.
* * * LOW HITPOINT WARNING * * *
You barely miss Crazy Yiuf.
Crazy Yiuf is severely wounded.
You feel sick. You block Crazy Yiuf's attack.
You hit Crazy Yiuf but do no damage.
Crazy Yiuf is severely wounded.
You feel sick.
Crazy Yiuf whimpers, "Gum!"
You block Crazy Yiuf's attack.
You hit Crazy Yiuf.
Crazy Yiuf is almost dead.
You feel sick.
Crazy Yiuf hits you with a +4 quarterstaff of chaos!
You die...

##..#####.#
## #....#
#.#########.
♣....♣
#.......).#.
♣...♣♣
#.#####.)...
♣♣.♣♣
#.####....##
♣.♣♣
#.....#....#
♣♣)♣
#...........
♣)♣♣
#.....#....#
♣♣@♣
#...##....##
#g#
#...###.#.##
.).
#.........##
#...#
#######.####
#).)#
#.......# #
#####
######..# ##
#..###. ###
#.#.... #.#
#...##.


You could see Crazy Yiuf.

Vanquished Creatures
  3 adders
  2 oozes
  A worm (D:2)
  A dart slug (D:1)
  6 leopard geckos
  6 orcs
  A ball python (D:2)
  4 giant cockroaches
  8 goblins
  5 hobgoblins
  4 jackals (D:3)
  5 kobolds
  2 quokkas
  4 bats
  4 frilled lizards
  9 rats
65 creatures vanquished.

Notes
Turn   | Place    | Note
-------+----------+-------------------------------------------
     0 | D:1      | xSliceyx the Formicid Fighter began the quest for the Orb.
     0 | D:1      | Reached XP level 1. HP: 18/18 MP: 1/1
    38 | D:1      | Reached XP level 2. HP: 24/24 MP: 2/2
   261 | D:1      | Reached XP level 3. HP: 26/30 MP: 3/3
   708 | D:1      | Reached XP level 4. HP: 27/37 MP: 4/4
  1566 | D:3      | Found a faded altar of an unknown god.
  1622 | D:3      | Reached XP level 5. HP: 42/42 MP: 5/5
  1960 | D:3      | Found a runed translucent door.
  1961 | D:3      | Noticed Crazy Yiuf
  1974 | D:3      | Slain by Crazy Yiuf

Illustrated notes

Levels and vault maps discovered:
D:1:      tarquinn_simple_flora_water_e, layout_basic
D:2:      layout_rooms, minmay_puff
D:3:      layout_loops_ring, chequers_ecumenical_altar_simple_redux,
          uniq_crazy_yiuf_cottage, uniq_ijyb

Skill      XL: |  1  2  3  4 |
---------------+-------------+-----
Shields        | 4 |  4.9
Fighting       | 4 |  4.3
Armour         | 4 |  4.4
Long Blades    | |  2.0

Action                   |  1- 3 |  4- 6 || total
-------------------------+-------+-------++-------
Melee: Long sword        |    89 |   132 ||   221
Armor: Scale mail        |    50 |    75 ||   125
Dodge: Dodged            |    35 |    54 ||    89
Block: Kite shield       |    50 |    82 ||   132
       Rpst.: Long sword |    11 |    17 ||    28
